 Dungeon Crawl Stone Soup version 0.30-a0-799-g109b55a442 (webtiles) character file.

Game seed: 17555060708951391787

3360 Hubris850 the Destroyer (level 9, -2/62 HPs)
             Began as a Black Draconian Conjurer on Feb 20, 2023.
             Was a Believer of Vehumet.
             Killed from afar by Maggie (24 damage)
             ... with a bolt of fire
             ... on level 8 of the Dungeon.
             The game lasted 00:23:00 (8796 turns).

Hubris850 the Destroyer (Black Draconian Conjurer)  Turns: 8796, Time: 00:23:00

Health: -2/62      AC: 11    Str:  9    XL:     9   Next: 73%
Magic:  0/19       EV: 17    Int: 23    God:    Vehumet [**....]
Gold:   75         SH:  4    Dex: 10    Spells: 15/22 levels left

rFire   . . .      SeeInvis .    b - +0 whip (venom)
rCold   . . .      Faith    .    j - +0 buckler
rNeg    . . .      Spirit   +    (body armour unavailable)
rPois   +          Reflect  .    s - +1 hat
rElec   +          Harm     .    (no cloak)
rCorr   .          Rampage  .    K - +2 pair of gloves {Stlth+}
Will    .....                    (no boots)
Stlth   +++                      f - amulet of guardian spirit
HPRegen 0.30/turn                r - +5 ring of evasion
MPRegen 0.16/turn                u - ring of poison resistance

@: no status effects
A: breathe lightning, AC +7, unfitting armour, electricity resistance,
cold-blooded
a: Breathe Lightning, Renounce Religion


You were on level 8 of the Dungeon.
You worshipped Vehumet.
Vehumet was pleased with you.
You visited 2 branches of the dungeon, and saw 9 of its levels.

You collected 397 gold pieces.
You spent 322 gold pieces at shops.

Inventory:

Hand Weapons
 a - a +0 whip of electrocution
 b - a +0 whip of venom (weapon)
 c - a +0 whip
 d - a +0 dagger
 p - a +4 morningstar of freezing
 I - a +1 falchion of holy wrath
Missiles
 q - 14 poisoned darts
Armour
 j - a +0 buckler (worn)
 s - a +1 hat (worn)
 K - a +2 pair of gloves of stealth (worn)
Jewellery
 f - an amulet of guardian spirit (around neck)
 r - a +5 ring of evasion (left hand)
 u - a ring of poison resistance (right hand)
Wands
 H - a wand of charming (8)
 L - a wand of iceblast (11)
 M - a wand of quicksilver (7)
 N - a wand of flame (14)
Scrolls
 e - a scroll of fog {unknown}
 g - 3 scrolls of teleportation {unknown}
 h - a scroll of silence {unknown}
 i - a scroll of poison {unknown}
 k - 2 scrolls of magic mapping {unknown}
 l - 2 scrolls of identify {unknown}
 v - 2 scrolls of noise {unknown}
 y - a scroll of fear {unknown}
 A - 2 scrolls of blinking {unknown}
 B - a scroll of torment {unknown}
 C - 2 scrolls of immolation {unknown}
 E - a scroll of enchant armour {unknown}
Potions
 m - a potion of heal wounds {unknown}
 n - a potion of cancellation {unknown}
 o - a potion of mutation {unknown}
 t - a potion of lignification {unknown}
 w - 2 potions of curing
 x - 2 potions of berserk rage {unknown}
 z - 2 potions of flight {unknown}
 D - a potion of attraction {unknown}
 F - a potion of might {unknown}
 G - a potion of degeneration {unknown}
 J - a potion of ambrosia {unknown}


   Skills:
 - Level 3.0 Maces & Flails
 - Level 3.8 Dodging
 - Level 3.0 Stealth
 - Level 4.0 Shields
 + Level 7.1 Spellcasting
 + Level 8.5 Conjurations
 - Level 5.0 Hexes


You had 15 spell levels left.
You knew the following spells:

 Your Spells              Type           Power      Damage    Failure   Level
a - Magic Dart            Conj           100%       1d8       1%          1
b - Searing Ray           Conj           94%        2d7       1%          2
c - Fulminant Prism       Conj/Hex       19%        3d10      6%          4

Your spell library contained the following spells:

 Spells                   Type           Power      Damage    Failure   Level
 Foxfire                  Conj/Fire      100%       2x1d9     1%          1
 Dazzling Flash           Conj/Hex       78%        N/A       1%          3
 Sublimation of Blood     Necr           8%         N/A       14%         2
 Wereblood                Tmut           8%         N/A       14%         2
 Iskenderun's Mystic Bla  Conj/Tloc      27%        2d7       17%         4
 Summon Hydra             Summ           4%         N/A       100%        7


Dungeon Overview and Level Annotations

Branches:
Dungeon (8/15)             Temple (1/1) D:4
   Lair: D:8-11

Altars:
Ashenzari
Dithmenos
Elyvilon
Fedhas
Gozag
Hepliaklqana
Kikubaaqudgha
Makhleb
Okawaru
Qazlal
Ru
Trog
Uskayaw
Vehumet
Xom
Yredelemnul
The Shining One

Shops:
D:1 (   D:4 (   D:5 *   D:7 [

Annotations:
D:8 Maggie
Temple 2 transporters


Innate Abilities, Weirdness & Mutations

You can breathe wild blasts of lightning.
Your glossy black scales are hard. (AC +7)
You cannot fit into any form of body armour.
You are resistant to electric shocks. (rElec)
You are cold-blooded and may be slowed by cold attacks.


Message History

Casting: Magic Dart (safe; 1% risk of failure)
Confirm with . or Enter, or press ? or * to list all spells.
Aiming: Fulminant Prism (dangerous; 6% risk of failure)
Press: ? - help, Dir - move target, p - Maggie You conjure a prism of explosive energy!
A fulminant prism comes into view.
A lemure comes into view.
You closely miss Maggie.
Maggie is heavily wounded.
Maggie hits you with a +0 scimitar!
Your fulminant prism crackles loudly.
You hit Maggie but do no damage.
Maggie is poisoned.
Maggie is heavily wounded.
Maggie hits you with a +0 scimitar!
A lemure comes into view.
Your fulminant prism explodes!
The blast of energy engulfs the lemure!
The lemure is heavily wounded.
The blast of energy engulfs Maggie!
Maggie is severely wounded.
The blast of energy engulfs the lemure!
The lemure is heavily wounded.
You hear a roar!
You open the door. Maggie gestures at you while chanting.
The bolt of fire misses you. Maggie attacks as you move away!
You block Maggie's attack. You block the lemure's attack.
A lemure comes into view.
There is an open door here.
Maggie attacks as you move away! Maggie misses you.
You hit Maggie but do no damage.
Maggie looks as sick as possible!
Maggie is severely wounded.
You block Maggie's attack.
You barely miss Maggie.
Maggie is severely wounded.
Maggie misses you. Maggie attacks as you move away! Maggie misses you.
Maggie gestures at you while chanting. The bolt of fire hits you!!
You die...

....# ....# # #...# #.
#...# #..###### #...#
......######...#
#+###............#
#..##...##.@.@.55# ...
#..##...##..####'# ....
#...)...........5#
.....#..##########...5+
.....#..#WV$.$KlD#....#
.....##†#cD.$.Wc$#..###
#....)#$$$(?($.#..#
+.....#.l[")(l$#..'
#.....#D.?):l$.#..#


You could see Maggie (very poisoned) and 2 lemures.

Vanquished Creatures
  A two-headed ogre (D:8)
  Prince Ribbit (D:6)
  A water moccasin (D:6)
  2 orc warriors
  A centaur (D:8)
  3 phantoms
  A kobold brigand (D:7)
  3 bullfrogs
  A gnoll sergeant (D:5)
  4 necrophages
  5 scorpions
  5 wights (D:7)
  6 howler monkeys
  3 hounds
  2 jellies (D:6)
  2 orc priests (D:7)
  3 iguanas
  5 orc wizards
  A mummy (D:6)
  4 adders
  3 gnolls (D:5)
  A shadow imp (D:7)
  2 white imps
  An ufetubus (D:6)
  4 dart slugs
  23 orcs
  7 ball pythons
  7 bats
  10 endoplasms
  3 giant cockroaches
  8 hobgoblins
  12 kobolds
  4 quokkas
  10 goblins
  A goblin zombie (D:6)
  A kobold zombie (D:6)
151 creatures vanquished.

Vanquished Creatures (others)
  5 kobolds (D:7)
  12 fulminant prisms
17 creatures vanquished.

Grand Total: 168 creatures vanquished

Notes
Turn   | Place    | Note
-------+----------+-------------------------------------------
     0 | D:1      | Hubris850 the Draconian Conjurer began the quest for the
                  | Orb.
     0 | D:1      | Reached XP level 1. HP: 14/14 MP: 3/3
   206 | D:1      | Reached XP level 2. HP: 20/20 MP: 0/5
   388 | D:1      | Learned a level 2 spell: Searing Ray
   911 | D:1      | Found Qudianol's Weapon Emporium.
   925 | D:1      | Reached XP level 3. HP: 26/26 MP: 2/6
  2542 | D:3      | Found a blossoming altar of Fedhas.
  2554 | D:3      | Found a shadowy altar of Dithmenos.
  2590 | D:3      | Found a stormy altar of Qazlal.
  2633 | D:3      | Reached XP level 4. HP: 33/33 MP: 5/7
  2638 | D:3      | Learned a level 4 spell: Fulminant Prism
  3229 | D:4      | You fall into a shaft and drop 3 floors!
  3233 | D:7      | Noticed a bullfrog
  3242 | D:7      | Killed a bullfrog
  3243 | D:7      | Reached XP level 5. HP: 38/38 MP: 2/9
  3306 | D:6      | Noticed Prince Ribbit
  3313 | D:5      | Entered Level 5 of the Dungeon
  3323 | D:5      | Reached skill level 5 in Conjurations
  3333 | D:5      | Reached XP level 6. HP: 24/45 MP: 4/11
  3607 | D:5      | HP: 2/45 [gnoll/+0 halberd[a gnoll sergeant] (4)]
  3860 | D:4      | Found Haorghope's Antique Weapon Boutique.
  3896 | D:4      | Reached skill level 1 in Shields
  3920 | D:4      | Found a staircase to the Ecumenical Temple.
  3979 | Temple   | Entered the Ecumenical Temple
  3979 | Temple   | Found a transporter.
  3979 | Temple   | Found a transporter.
  3982 | Temple   | Found a transporter.
  3982 | Temple   | Found a transporter.
  4005 | Temple   | Became a worshipper of Vehumet
  4658 | D:5      | Your scales start taking on a glossy black colour.
  4658 | D:5      | Reached XP level 7. HP: 50/50 MP: 5/12
  4658 | D:5      | Gained mutation: You are resistant to electric shocks.
                  | (rElec) [Black Draconian growth]
  4816 | D:5      | Found a white marble altar of Elyvilon.
  5026 | D:5      | Found a basalt altar of Yredelemnul.
  5127 | D:5      | Reached skill level 1 in Maces & Flails
  5390 | D:5      | Reached skill level 6 in Conjurations
  5390 | D:5      | Reached skill level 1 in Hexes
  5482 | D:5      | Found Guirghur's General Store.
  5492 | D:5      | Reached XP level 8. HP: 57/57 MP: 12/14
  5657 | D:6      | Killed Prince Ribbit
  6027 | D:6      | Found a hide-covered altar of Uskayaw.
  6913 | D:7      | Reached * piety under Vehumet
  6913 | D:7      | Offered knowledge of Freeze by Vehumet.
  6914 | D:7      | Reached skill level 5 in Spellcasting
  6914 | D:7      | Reached skill level 7 in Conjurations
  7561 | D:7      | Reached XP level 9. HP: 62/62 MP: 5/17
  7981 | D:7      | Offered knowledge of Foxfire by Vehumet.
  7993 | D:7      | Reached ** piety under Vehumet
  8055 | D:7      | Found Fifisol's Armour Boutique.
  8127 | D:5      | Bought a +2 pair of gloves of stealth for 322 gold pieces
  8669 | D:8      | Noticed a rime drake
  8669 | D:8      | Found the +27 heavy crossbow "Sniper" {heavy, Acc+∞ SInv}
  8670 | D:8      | Found the amulet of Vitality {RegenMP++ Regen++}
  8682 | D:8      | Noticed a six-headed hydra
  8682 | D:8      | Noticed a centaur warrior
  8682 | D:8      | Noticed a centaur warrior
  8706 | D:8      | Reached skill level 8 in Conjurations
  8721 | D:8      | Noticed a polar bear
  8721 | D:8      | Noticed a kobold demonologist
  8722 | D:8      | Noticed Maggie
  8724 | D:8      | Noticed a two-headed ogre
  8739 | D:8      | Noticed a komodo dragon
  8745 | D:8      | Killed a two-headed ogre
  8746 | D:8      | Reached skill level 5 in Hexes
  8796 | D:8      | Killed from afar by Maggie

Illustrated notes

Levels and vault maps discovered:
D:1:      wheals_arrival_linesprint, layout_loops_ring, serial_shops,
          nicolae_shop_bloodbath_and_beyond, fountainhead
D:2:      layout_basic
D:3:      layout_loops_ring, grunt_qazlal_sundering, lemuel_doored_altar,
          grunt_dithmenos_smoke
D:4:      layout_basic, minmay_temple_entry_large_hall, serial_shops,
          nicolae_square_shop
D:5:      layout_loops_ring, kennysheep_ying_yang, serial_shops,
          nicolae_diamond_shop, abandoned_shop, minivault_5
D:6:      layout_basic, eat_drink_and_be_merry_uskayaw,
          nicolae_ossuary_entry_giza, serial_rivers,
          chequers_serial_rivers_room_a, chequers_serial_rivers_micro_a,
          chequers_serial_rivers_micro_b, chequers_serial_rivers_room_b,
          uniq_prince_ribbit1
D:7:      layout_rooms, serial_shops, shop, enter_bailey_6,
          roderic_roman_lattice
D:8:      layout_gridville, zin_statuary, minivault_12, uniq_maggie,
          uniq_joseph, uniq_maurice, uniq_grum, uniq_pikel
Temple:   hellmonk_temple_divided_pantheon

Skill      XL: |  1  2  3  4  5  6  7  8  9 |
---------------+----------------------------+-----
Dodging        | 2 3 |  3.8
Stealth        | 2 3 |  3.0
Spellcasting   | 3 4 5 7 |  7.1
Conjurations   | 5 6 7 8 |  8.5
Shields        | 2 4 |  4.0
Maces & Flails | 1 3 |  3.0
Hexes          | 1 3 5 |  5.0

Action                     |  1- 3 |  4- 6 |  7- 9 || total
---------------------------+-------+-------+-------++-------
  Melee: Unarmed           |    17 |       |       ||    17
         Tailslap          |     6 |    15 |    39 ||    60
         Whip              |     5 |    84 |   333 ||   422
         Dagger            |     5 |       |       ||     5
         Punch             |     1 |       |       ||     1
   Cast: Magic Dart        |   100 |    58 |    73 ||   231
         Searing Ray       |     1 |     1 |     5 ||     7
         Fulminant Prism   |       |       |    12 ||    12
  Evoke: Wand              |       |       |     3 ||     3
    Use: Potion            |       |       |     2 ||     2
   Stab: Sleeping          |       |       |     3 ||     3
         Distracted        |       |       |     1 ||     1
 Armour: Skin              |    11 |    17 |    85 ||   113
  Dodge: Dodged            |    16 |    68 |   254 ||   338
  Block: Buckler           |       |    11 |    74 ||    85

Table legend: (Time is in decaauts)
 A = Elapsed time spent in this place.
 B = Non-inter-level travel time spent in this place.
 C = Inter-level travel time spent in this place.
 D = Time resting spent in this place.
 E = Time spent auto-exploring this place.
 F = Levels seen in this place.
 G = Mean time per level.
                   A        B        C        D        E       F      G
               +--------+--------+--------+--------+--------+-----+--------+
         Total |   8807 |   8424 |    383 |   1528 |   5474 |   9 |  978.6 |
       Dungeon |   8764 |   8381 |    383 |   1528 |   5467 |   8 | 1095.5 |
        Temple |     42 |     42 |      0 |      0 |      7 |   1 |   42.0 |
               +--------+--------+--------+--------+--------+-----+--------+

Top non-repeatable levels by time:
     D:6: 1569 daAuts
     D:7: 1488 daAuts
     D:1: 1456 daAuts
     D:5: 1385 daAuts
     D:4: 1092 daAuts
     D:2: 931 daAuts
     D:3: 712 daAuts
     D:8: 128 daAuts
  Temple: 42 daAuts
